[Event "Titled Tuesday Blitz July 18 Early 2023"]
[White "Namitbir Singh Walia"]
[Black "Zaichenko, Daria"]
[WhiteFideId "35071068"]
[BlackFideId "4197453"]
[WhiteElo "2442"]
[BlackElo "2256"]
[Result "1-0"]
[Round "5"]
[TimeControl "180+2"]
[Date "2023.07.18"]
[WhiteClock "0:00:12"]
[BlackClock "0:00:30"]
[Board "167"]

1. e4 c5 2. Nf3 Nc6 3. d4 cxd4 4. Nxd4 Nf6 5. Nc3 d6 6. Bg5 Bd7 7. Be2 a6 8. O-O e5 9. Nb3 Be6 10. Nd5 Bxd5 11. exd5 Nb8 12. f4 exf4 13. Bxf4 Be7 14. c4 O-O 15. Nd4 Ne4 16. Bd3 Nc5 17. Nf5 Nxd3 18. Qxd3 Bf6 19. Bxd6 Re8 20. Bf4 Qb6+ 21. Kh1 Qxb2 22. Rab1 Qxa2 23. Rxb7 a5 24. c5 Na6 25. Be3 Nb4 26. Qb5 Qxd5 27. Nd6 Rf8 28. Rd7 Qb3 29. Ne4 Qxe3 30. Nxf6+ gxf6 31. c6 Rfe8 32. c7 Rac8 33. Qc4 Qe6 34. Qd4 Na6 35. h3 Nxc7 36. Rxf6 Qe1+ 37. Kh2 Qe5+ 38. Qxe5 Rxe5 39. Rfxf7 Ne6 40. Rxh7 a4 41. Ra7 Re4 42. Rhe7 Kf8 43. Rf7+ Kg8 44. Rfe7 Rc2 45. Kg3 Rc3+ 46. Kh2 a3 47. Re8+ Nf8 48. Rxe4 Rb3 49. Rea4 Rd3 50. Rxa3 Rd2 51. Rb3 Rf2 52. Rb8 Kh8 53. Raa8 Kg7 54. Rxf8 Rxf8 55. Rxf8 Kxf8 56. Kg3 1-0


[Site "https://www.chess.com"]

[Event "Titled Tuesday Blitz July 18 Early 2023"]
[White "Matyukov, Petr"]
[Black "Putri, Regita Desyari"]
[WhiteFideId "4103688"]
[BlackFideId "7109083"]
[WhiteElo "2439"]
[BlackElo "2255"]
[Result "1-0"]
[Round "5"]
[TimeControl "180+2"]
[Date "2023.07.18"]
[WhiteClock "0:00:48"]
[BlackClock "0:00:15"]
[Board "168"]

1. d4 Nf6 2. c4 e6 3. Nc3 Bb4 4. e3 d5 5. a3 Bxc3+ 6. bxc3 O-O 7. cxd5 exd5 8. Bd3 c5 9. Ne2 c4 10. Bb1 Nc6 11. O-O Re8 12. f3 Na5 13. Bc2 Nc6 14. Ng3 h5 15. Kh1 h4 16. Nf5 Bxf5 17. Bxf5 g6 18. Bc2 Kg7 19. Re1 Nh5 20. e4 h3 21. g4 Nf6 22. e5 Nh7 23. Bf4 Ng5 24. Bg3 Ne6 25. f4 Nexd4 26. cxd4 Qb6 27. Bf2 Rad8 28. Rb1 Qc7 29. f5 a6 30. f6+ Kg8 31. Qd2 Kh7 32. Qg5 Rh8 33. Be3 Qd7 34. Qh6+ Kg8 35. Qg7# 1-0


[Site "https://www.chess.com"]

[Event "Titled Tuesday Blitz July 18 Early 2023"]
[White "Baches Garcia, Guillermo"]
[Black "laimis61"]
[WhiteFideId "2209764"]
[WhiteElo "2437"]
[BlackElo "2234"]
[Result "0-1"]
[Round "5"]
[TimeControl "180+2"]
[Date "2023.07.18"]
[WhiteClock "0:00:26"]
[BlackClock "0:01:20"]
[Board "169"]

1. e4 d6 2. d4 Nf6 3. f3 e5 4. Ne2 Nc6 5. Be3 Be7 6. c4 O-O 7. Nbc3 exd4 8. Nxd4 Nxd4 9. Qxd4 Be6 10. Be2 Nd7 11. O-O Bf6 12. Qd2 a5 13. f4 Nc5 14. Qc2 Re8 15. Rad1 b6 16. e5 Be7 17. f5 Bd7 18. f6 Bf8 19. Bxc5 bxc5 20. exd6 Bxd6 21. Bd3 g6 22. Ne4 Bc6 23. Rde1 Bf8 24. Rd1 Qd4+ 25. Kh1 Bxe4 26. h3 Bxd3 27. Rxd3 Qe4 28. Qd2 Bd6 0-1


[Site "https://www.chess.com"]

[Event "Titled Tuesday Blitz July 18 Early 2023"]
[White "Sarkar, Justin"]
[Black "Karthik, Advaith"]
[WhiteFideId "2010011"]
[BlackFideId "30946050"]
[WhiteElo "2233"]
[BlackElo "2433"]
[Result "0-1"]
[Round "5"]
[TimeControl "180+2"]
[Date "2023.07.18"]
[WhiteClock "0:00:00"]
[BlackClock "0:00:49"]
[Board "170"]

1. e4 c5 2. Nf3 Nc6 3. d4 cxd4 4. Nxd4 Nf6 5. Nc3 e5 6. Ndb5 d6 7. Bg5 a6 8. Na3 b5 9. Nd5 Be7 10. Bxf6 Bxf6 11. c4 b4 12. Nc2 O-O 13. g3 Bg5 14. Bg2 a5 15. O-O Be6 16. Qd3 Ne7 17. f4 Bxd5 18. cxd5 Bf6 19. f5 Qb6+ 20. Kh1 Rac8 21. h4 Rc7 22. Ne3 Qd4 23. Qe2 Rfc8 24. Rad1 Qb6 25. Ng4 Rc2 26. Rd2 Rxd2 27. Qxd2 Qd4 28. Nxf6+ gxf6 29. Qxd4 exd4 30. Rf2 Rc1+ 31. Bf1 d3 32. Kg2 Rd1 33. Kf3 Ra1 34. b3 d2 0-1


[Site "https://www.chess.com"]

[Event "Titled Tuesday Blitz July 18 Early 2023"]
[White "LangesNasenhaar"]
[Black "Kev4444444444"]
[WhiteElo "2431"]
[BlackElo "2226"]
[Result "1-0"]
[Round "5"]
[TimeControl "180+2"]
[Date "2023.07.18"]
[WhiteClock "0:01:01"]
[BlackClock "0:00:52"]
[Board "171"]

1. d4 c6 2. Nc3 d5 3. Bf4 Nd7 4. e3 e6 5. Nf3 f6 6. h4 Qe7 7. Qd2 e5 8. Bg3 e4 9. Ng1 Nh6 10. O-O-O Qb4 11. f3 Nf5 12. Be1 exf3 13. gxf3 Bd6 14. e4 Ne7 15. h5 O-O 16. Kb1 Nb6 17. a3 Qa5 18. Nxd5 Qa4 19. Nxe7+ Bxe7 20. h6 g6 21. Qa5 Qxa5 22. Bxa5 Nc4 23. Bxc4+ 1-0


[Site "https://www.chess.com"]

[Event "Titled Tuesday Blitz July 18 Early 2023"]
[White "Hernandez Bermudez, Ulises Eduardo"]
[Black "Szyszylo, Rafal"]
[WhiteFideId "3902510"]
[BlackFideId "1109626"]
[WhiteElo "2216"]
[BlackElo "2426"]
[Result "1-0"]
[Round "5"]
[TimeControl "180+2"]
[Date "2023.07.18"]
[WhiteClock "0:00:37"]
[BlackClock "0:00:00"]
[Board "172"]

1. e4 d6 2. d4 Nf6 3. Nc3 g6 4. Be3 c6 5. f3 b5 6. g4 Nbd7 7. g5 Nh5 8. Nge2 b4 9. Nb1 Ba6 10. Nd2 Nb6 11. Ng3 Bxf1 12. Kxf1 Nxg3+ 13. hxg3 Bg7 14. Kg2 Qc7 15. c3 a5 16. Qe2 e6 17. Nc4 Nc8 18. Rac1 Ke7 19. Qd2 d5 20. Bf4 Qb7 21. Be5 Bxe5 22. Nxe5 Nd6 23. Qf4 f5 24. gxf6+ Kf8 25. Nxg6+ Kf7 26. Nxh8+ Rxh8 27. Qxd6 bxc3 28. Rxc3 Qxb2+ 29. Kh3 Kg6 30. Qe7 Rg8 31. f7 1-0


[Site "https://www.chess.com"]

[Event "Titled Tuesday Blitz July 18 Early 2023"]
[White "Rosh Jain"]
[Black "Vila Dupla, Aurelio"]
[WhiteFideId "25789465"]
[BlackFideId "2203383"]
[WhiteElo "2419"]
[BlackElo "2206"]
[Result "1-0"]
[Round "5"]
[TimeControl "180+2"]
[Date "2023.07.18"]
[WhiteClock "0:02:45"]
[BlackClock "0:01:33"]
[Board "173"]

1. e4 c5 2. Nf3 d6 3. d4 cxd4 4. Nxd4 Nf6 5. Nc3 g6 6. Be3 Bg7 7. f3 O-O 8. Qd2 Nc6 9. Bc4 Bd7 10. Bb3 Nxd4 11. Bxd4 b5 12. h4 a5 13. h5 a4 14. Bxf6 Bxf6 15. hxg6 axb3 16. Qh6 1-0


[Site "https://www.chess.com"]

[Event "Titled Tuesday Blitz July 18 Early 2023"]
[White "Mishra, Manoj"]
[Black "Goswami, Vedant"]
[WhiteFideId "5006007"]
[BlackFideId "5003725"]
[WhiteElo "2178"]
[BlackElo "2402"]
[Result "0-1"]
[Round "5"]
[TimeControl "180+2"]
[Date "2023.07.18"]
[WhiteClock "0:00:00"]
[BlackClock "0:00:08"]
[Board "174"]

1. d4 g6 2. e4 Bg7 3. h4 c5 4. c3 cxd4 5. cxd4 d5 6. e5 h6 7. Nc3 Nc6 8. Be3 h5 9. Qb3 e6 10. Nb5 Bf8 11. a3 Nh6 12. Bg5 Qa5+ 13. Bd2 Qb6 14. Nf3 Nf5 15. Bc3 Bd7 16. a4 Be7 17. a5 Qd8 18. a6 b6 19. Bd3 Kf8 20. Bd2 Nxh4 21. Nxh4 Bxh4 22. Nd6 Be7 23. g4 Nxd4 24. Qc3 Nc6 25. gxh5 Rxh5 26. Rxh5 gxh5 27. Bh6+ Kg8 28. Ra4 Bg5 29. Bxg5 Qxg5 30. Qc2 Nxe5 31. Bh7+ Kh8 32. Bd3 Qg1+ 33. Ke2 Qg5 34. f4 Qg2+ 0-1


[Site "https://www.chess.com"]

[Event "Titled Tuesday Blitz July 18 Early 2023"]
[White "Hoffmann, Asa"]
[Black "Johnson, Ben"]
[WhiteFideId "2001470"]
[BlackFideId "2010917"]
[WhiteElo "2395"]
[BlackElo "2129"]
[Result "1-0"]
[Round "5"]
[TimeControl "180+2"]
[Date "2023.07.18"]
[WhiteClock "0:00:03"]
[BlackClock "0:00:00"]
[Board "175"]

1. d4 Nf6 2. Bg5 d5 3. Nd2 c5 4. e3 Nbd7 5. c3 g6 6. f4 Bg7 7. Ngf3 O-O 8. Bd3 b6 9. O-O Bb7 10. Ne5 Ne4 11. Bxe4 dxe4 12. Nxd7 Qxd7 13. Qe1 Qg4 14. h3 Qd7 15. Qh4 Rfe8 16. Bh6 Bf6 17. Bg5 Bg7 18. f5 cxd4 19. cxd4 Qb5 20. Nxe4 Qxb2 21. Rae1 Qxa2 22. Rf2 Qd5 23. f6 Qxe4 24. fxg7 Qxh4 25. Bxh4 Kxg7 26. Rc2 Rac8 27. Ra2 a5 28. Rb1 Bd5 29. Rab2 b5 30. Rxb5 Be4 31. Ra1 Bd3 32. Rbxa5 Be4 33. R5a2 h6 34. Bf2 g5 35. Rd2 f5 36. Rad1 Rc3 37. d5 Kf7 38. d6 exd6 39. Rxd6 Rc2 40. Rd7+ Kg6 41. R7d6+ Kh5 42. Rf6 1-0


[Site "https://www.chess.com"]

[Event "Titled Tuesday Blitz July 18 Early 2023"]
[White "Marin Masis, Jose Esteban"]
[Black "Romero Ruscalleda, Josep"]
[WhiteFideId "6508146"]
[BlackFideId "2231859"]
[WhiteElo "2129"]
[BlackElo "2393"]
[Result "0-1"]
[Round "5"]
[TimeControl "180+2"]
[Date "2023.07.18"]
[WhiteClock "0:00:11"]
[BlackClock "0:00:24"]
[Board "176"]

1. e4 g6 2. d4 Bg7 3. Nf3 d6 4. Nc3 a6 5. Bc4 Nf6 6. O-O O-O 7. Bg5 Nxe4 8. Bxf7+ Rxf7 9. Nxe4 Bg4 10. h3 Bxf3 11. gxf3 Nc6 12. c3 Qd7 13. Kg2 Qf5 14. Qd3 d5 15. Be3 dxe4 16. fxe4 Qf3+ 17. Kh2 Rd8 18. Qc2 Rdf8 19. Rg1 Qh5 20. Rg2 Rf3 21. Qb3+ Kh8 22. Qe6 Nd8 23. Qg4 Qxg4 24. hxg4 e5 25. d5 Nf7 26. Bc5 Nd6 27. Bxd6 cxd6 28. Kg1 R8f4 29. Re1 Rd3 30. Re2 Rd1+ 31. Kh2 Bf6 32. Rg3 Bg5 33. Rg2 Kg7 34. Rg3 Bh4 35. Rg2 g5 36. Rc2 Rf3 37. Re2 Rdd3 38. Kg1 Rd1+ 39. Kh2 Rfd3 40. b3 R3d2 41. f3 Rxe2 42. Rxe2 Rc1 43. Kh3 Rxc3 44. Kg2 Rc1 45. Rb2 Kf6 46. Re2 Ke7 47. Rd2 Kd7 48. Re2 Re1 49. Rxe1 Bxe1 50. Kf1 Bd2 51. Ke2 Bf4 52. Kd3 Kc7 53. Ke2 Kb6 54. Kd3 Kc5 55. Kc3 b5 56. a3 Kb6 57. Kd3 b4 58. a4 Kc5 59. a5 Kb5 60. Kc2 Kxa5 61. Kd3 Kb5 62. Kc2 a5 63. Kd3 a4 64. bxa4+ Kxa4 65. Kc2 Ka3 66. Kb1 Bd2 67. Kc2 Bc3 68. Kb1 b3 69. f4 gxf4 70. g5 Bd4 71. g6 hxg6 72. Kc1 b2+ 73. Kd2 b1=Q 74. Ke2 Qxe4+ 75. Kd2 Qe3+ 76. Kc2 Qc3+ 77. Kd1 Qb2 78. Ke1 Kb3 0-1


[Site "https://www.chess.com"]

[Event "Titled Tuesday Blitz July 18 Early 2023"]
[White "Horokoskii"]
[Black "Rian, Kapriaga"]
[BlackFideId "7103263"]
[WhiteElo "2126"]
[BlackElo "2384"]
[Result "0-1"]
[Round "5"]
[TimeControl "180+2"]
[Date "2023.07.18"]
[WhiteClock "0:00:00"]
[BlackClock "0:00:21"]
[Board "177"]

1. d4 Nf6 2. c4 e6 3. Nc3 Bb4 4. e3 Bxc3+ 5. bxc3 b6 6. f3 d5 7. Bd3 O-O 8. Ne2 Nbd7 9. O-O Bb7 10. cxd5 exd5 11. c4 Re8 12. cxd5 Nxd5 13. e4 Nb4 14. Bb1 c5 15. d5 Ba6 16. a3 Bxe2 17. Qxe2 Nxd5 18. Qd3 N5f6 19. Rd1 Qe7 20. Bb2 Rad8 21. Qc2 h6 22. f4 Ng4 23. e5 Nf8 24. Rxd8 Rxd8 25. Qe2 Qh4 26. h3 Nf2 27. Bf5 Qxf4 28. Qxf2 Qxf2+ 29. Kxf2 Rd2+ 30. Ke3 Rxb2 31. Rd1 Rxg2 32. Rd8 g6 33. Bg4 Rg3+ 34. Bf3 Rxh3 35. Ra8 g5 36. Kf2 h5 37. Rxa7 Ng6 38. e6 fxe6 39. Rb7 Ne5 40. Be4 Rb3 41. a4 c4 42. a5 bxa5 43. Re7 Rb6 44. Ra7 Rb5 45. Re7 Ng4+ 46. Kg1 Re5 47. Bf3 c3 48. Ra7 c2 49. Rc7 Re1+ 50. Kg2 c1=Q 0-1


[Site "https://www.chess.com"]

[Event "Titled Tuesday Blitz July 18 Early 2023"]
[White "Jegorovas, Aleksandras"]
[Black "campochess"]
[WhiteFideId "12801950"]
[WhiteElo "2381"]
[BlackElo "2126"]
[Result "1-0"]
[Round "5"]
[TimeControl "180+2"]
[Date "2023.07.18"]
[WhiteClock "0:00:58"]
[BlackClock "0:01:19"]
[Board "178"]

1. d4 c5 2. d5 Nf6 3. c4 g6 4. Nc3 Bg7 5. e4 d6 6. Bd3 Ng4 7. Nf3 O-O 8. O-O Nd7 9. Bf4 a6 10. Qd2 Re8 11. h3 Nge5 12. Nxe5 Nxe5 13. Be2 Bd7 14. Bh6 Bh8 15. f4 Nxc4 16. Bxc4 b5 17. Be2 c4 18. Rae1 b4 19. Nb1 c3 20. bxc3 bxc3 21. Nxc3 Rc8 22. Nb1 Qb6+ 23. Kh2 Qb2 24. Qxb2 Bxb2 25. f5 Rc2 26. Bd3 Be5+ 27. Bf4 Bxf4+ 28. Rxf4 Rxa2 29. e5 dxe5 30. Rxe5 g5 31. Rg4 f6 32. Re2 h5 33. Rd4 Rxe2 34. Bxe2 Bxf5 35. Bxh5 Bxb1 36. Bxe8 1-0


[Site "https://www.chess.com"]

[Event "Titled Tuesday Blitz July 18 Early 2023"]
[White "Tqebuchava, Zurab"]
[Black "Rodriguez Santiago, Jaime"]
[WhiteFideId "13601113"]
[BlackFideId "3100898"]
[WhiteElo "2111"]
[BlackElo "2380"]
[Result "0-1"]
[Round "5"]
[TimeControl "180+2"]
[Date "2023.07.18"]
[WhiteClock "0:00:00"]
[BlackClock "0:00:10"]
[Board "179"]

1. e4 c6 2. d3 d5 3. Nd2 dxe4 4. dxe4 g6 5. Ngf3 Bg7 6. Bc4 Nf6 7. O-O O-O 8. h3 b5 9. Bb3 c5 10. c3 Bb7 11. Qe2 c4 12. Bc2 Qb6 13. a4 a6 14. axb5 axb5 15. Rxa8 Bxa8 16. Re1 Nbd7 17. Nf1 e5 18. Be3 Qc7 19. Ng3 Nc5 20. Bxc5 Qxc5 21. Qd2 Bc6 22. Qg5 Re8 23. Rd1 h6 24. Qd2 Ra8 25. Qd6 Qxd6 26. Rxd6 Be8 27. Nxe5 Nxe4 28. Nxe4 Bxe5 29. Rd1 Ra2 30. Rb1 Bc6 31. g3 f5 32. Nc5 Bd6 33. Nb3 Kg7 34. Nd4 Bd7 35. Kg2 Bc5 36. Kf3 Kf6 37. Ke2 Bxd4 38. cxd4 Ke6 39. Kd2 Kd5 40. Kc3 Be6 41. Re1 Bd7 42. Re5+ Kd6 43. Re3 Ra1 44. Re5 Rf1 45. Re2 Rh1 46. h4 Rh2 47. Rd2 Bc6 48. Re2 Bd5 49. Rd2 Kc6 50. Re2 Kb6 51. Rd2 Ka5 52. Re2 b4+ 53. Kd2 b3 54. Re5 bxc2 55. Rxd5+ Kb4 56. Kxc2 Rxf2+ 57. Kc1 Rf3 58. Rd8 Rxg3 59. d5 Kc5 60. d6 Rd3 61. Rc8+ Kxd6 62. Rg8 Rg3 63. Rd8+ Kc5 64. Rh8 h5 65. Rg8 Kd4 66. Rd8+ Ke4 67. Rc8 Kd3 68. Rd8+ Ke2 69. Re8+ Re3 70. Rc8 Re4 71. Rd8 Rxh4 72. Re8+ Re4 73. Rg8 Rg4 74. Rg7 Kd3 75. Re7 h4 76. Rd7+ Ke4 77. Re7+ Kd3 78. Rd7+ Rd4 79. Re7 g5 80. Rf7 h3 81. Rxf5 g4 82. Rf1 h2 83. Rd1+ Ke3 84. Re1+ Kf2 85. Rh1 Kg2 86. Re1 h1=Q 0-1


[Site "https://www.chess.com"]

[Event "Titled Tuesday Blitz July 18 Early 2023"]
[White "Schain, Randolph"]
[Black "Duarte, Leonardo"]
[WhiteFideId "2003139"]
[BlackFideId "110582"]
[WhiteElo "2106"]
[BlackElo "2378"]
[Result "0-1"]
[Round "5"]
[TimeControl "180+2"]
[Date "2023.07.18"]
[WhiteClock "0:00:00"]
[BlackClock "0:00:03"]
[Board "180"]

1. e4 e5 2. Nf3 Nc6 3. Bb5 a6 4. Ba4 Nf6 5. O-O Be7 6. Re1 b5 7. Bb3 O-O 8. h3 d6 9. c3 Na5 10. Bc2 c5 11. d4 Qc7 12. Be3 cxd4 13. cxd4 Nc6 14. Nc3 exd4 15. Nxd4 Nxd4 16. Bxd4 Bb7 17. Rc1 Qd8 18. Nd5 Nxd5 19. exd5 Bf6 20. Qd3 g6 21. Bb3 Rc8 22. Qe3 Rxc1 23. Rxc1 Re8 24. Qc3 Bxd4 25. Qxd4 Qg5 26. Rc7 Bc8 27. Qc3 Bf5 28. Bc2 Bxc2 29. Qxc2 Re1+ 30. Kh2 Qe5+ 31. g3 Re2 32. Rc8+ Kg7 33. Qc3 Rxf2+ 34. Kg1 Rxb2 35. Qxe5+ dxe5 36. d6 Rd2 37. Rc6 a5 38. Kf1 b4 39. Ke1 Rd5 40. Ke2 a4 41. Ke3 Rd4 42. Rb6 Kf6 43. g4 Ke6 44. g5 b3 45. axb3 axb3 46. Rxb3 Rxd6 47. Rb5 Ra6 48. Rb3 Kf5 49. h4 Ra4 50. Rb7 Rxh4 51. Rxf7+ Kxg5 52. Rf8 h5 53. Kf3 Rf4+ 0-1


[Site "https://www.chess.com"]

[Event "Titled Tuesday Blitz July 18 Early 2023"]
[White "LLariMarc"]
[Black "Topalov, Aleksandar"]
[BlackFideId "925659"]
[WhiteElo "2091"]
[BlackElo "2374"]
[Result "1-0"]
[Round "5"]
[TimeControl "180+2"]
[Date "2023.07.18"]
[WhiteClock "0:01:58"]
[BlackClock "0:00:43"]
[Board "181"]

1. e4 e6 2. Nf3 d5 3. e5 Ne7 4. b3 b6 5. Bb2 Ba6 6. Bxa6 Nxa6 7. O-O Qd7 8. Nc3 c5 9. Ne2 Nf5 10. d4 Nb8 11. Ng3 Nxg3 12. hxg3 Nc6 13. Re1 Be7 14. Qe2 O-O 15. g4 Rac8 16. c3 cxd4 17. cxd4 Nb4 18. Rec1 Rxc1+ 19. Bxc1 Rc8 20. a3 Nc6 21. Bb2 Na5 22. Qd3 h6 23. g3 Rc7 24. Kg2 Qc6 25. Rc1 Qd7 26. Rh1 f6 27. Qg6 Rc8 28. Rxh6 Qe8 29. Qh7+ Kf7 30. exf6 Bxf6 31. g5 Qg8 32. Rxf6+ 1-0


[Site "https://www.chess.com"]

[Event "Titled Tuesday Blitz July 18 Early 2023"]
[White "Prydun, Andriy"]
[Black "Floresvillar Gonzalez, Luis Migu"]
[WhiteFideId "14145898"]
[BlackFideId "5100542"]
[WhiteElo "2371"]
[BlackElo "2074"]
[Result "1/2-1/2"]
[Round "5"]
[TimeControl "180+2"]
[Date "2023.07.18"]
[WhiteClock "0:00:15"]
[BlackClock "0:00:36"]
[Board "182"]

1. d4 d5 2. Nf3 Bf5 3. c3 e6 4. Ne5 Nd7 5. Nd3 Ngf6 6. Bf4 c5 7. Nd2 c4 8. Ne5 Nxe5 9. Bxe5 Bd6 10. Bxd6 Qxd6 11. g3 O-O 12. Bg2 b5 13. a3 a5 14. O-O h6 15. Re1 b4 16. axb4 axb4 17. Rxa8 Rxa8 18. Nxc4 Qc7 19. Ne3 bxc3 20. Nxf5 exf5 21. Qc2 Rc8 22. bxc3 g6 23. Rc1 Ne4 24. e3 Nxc3 25. Kh1 Nb5 26. Qxc7 Rxc7 27. Rxc7 Nxc7 28. h4 f6 29. Kg1 Kf7 30. Kf1 g5 31. Ke2 Ke6 32. f4 Kd6 33. Bh3 Ke6 34. fxg5 fxg5 35. hxg5 hxg5 36. g4 fxg4 37. Bxg4+ Kf6 38. Kf3 Ne6 39. Kg3 Nc7 40. Bf3 Kf5 41. Bg2 Kf6 42. Kg4 Kg6 43. Bf3 Kf6 44. Bg2 Kg6 45. Bh1 Kf6 46. Bf3 Kg6 47. Be2 Kf6 48. Bd3 Ne6 49. Bc2 Nc7 50. Bb3 Kg6 51. Ba4 Kf6 52. Bd7 Na6 53. Bc6 Nb4 54. Bb7 Kg6 55. Bc8 Kf6 56. Bf5 Na2 57. Bd3 Nc3 58. Bc2 Ne2 59. Bd3 Nc3 60. Bc2 Ne2 61. Bd3 Nc3 1/2-1/2


[Site "https://www.chess.com"]

[Event "Titled Tuesday Blitz July 18 Early 2023"]
[White "Penagalapati, Abhinav"]
[Black "Davidson, Kevin"]
[WhiteFideId "30938210"]
[BlackFideId "2056810"]
[WhiteElo "2069"]
[BlackElo "2370"]
[Result "0-1"]
[Round "5"]
[TimeControl "180+2"]
[Date "2023.07.18"]
[WhiteClock "0:00:07"]
[BlackClock "0:00:04"]
[Board "183"]

1. Nf3 Nf6 2. g3 g6 3. Bg2 Bg7 4. O-O O-O 5. b3 d6 6. Bb2 e5 7. c4 Nc6 8. Nc3 Bf5 9. d3 Qd7 10. Re1 Bh3 11. Bh1 Ng4 12. Ng5 Nf6 13. Nxh3 Qxh3 14. Bg2 Qd7 15. e3 Nd8 16. a4 a5 17. Qe2 c6 18. Rad1 Ne6 19. Ba3 Qc7 20. d4 exd4 21. exd4 Rfe8 22. Qd3 Rad8 23. h3 Qb6 24. Ne2 d5 25. c5 Qc7 26. Rc1 Ne4 27. Rc2 f5 28. Bc1 Qf7 29. f3 Nf6 30. Bd2 Qc7 31. Kf2 Re7 32. Rcc1 Rde8 33. Nf4 Nxd4 34. Rxe7 Rxe7 35. Be3 Ne6 36. Nxe6 Rxe6 37. Bf4 Qe7 38. Bf1 Nh5 39. Bd6 Qe8 40. Qd2 Be5 41. Bxe5 Rxe5 42. g4 fxg4 43. hxg4 Nf6 44. Bd3 h5 45. Qf4 Kg7 46. Rh1 Qe7 47. g5 Nh7 48. Rg1 Rxg5 49. Rxg5 Qxg5 50. Qd4+ Qf6 51. Qxf6+ Kxf6 52. Ke3 Nf8 53. Kd4 Ne6+ 54. Kc3 Nxc5 55. Bc2 Ke5 56. Kd2 g5 57. Ke3 h4 58. Kf2 Kf4 59. Bg6 Ne6 60. Be8 Nd4 61. Bd7 Nxb3 62. Bc8 Nc5 63. Bg4 Nxa4 64. Bc8 Nc5 65. Bg4 a4 66. Bh5 a3 67. Bg6 a2 0-1


[Site "https://www.chess.com"]

[Event "Titled Tuesday Blitz July 18 Early 2023"]
[White "Mejia, Cherry Ann"]
[Black "ogpin"]
[WhiteFideId "5206880"]
[WhiteElo "2369"]
[BlackElo "2062"]
[Result "0-1"]
[Round "5"]
[TimeControl "180+2"]
[Date "2023.07.18"]
[WhiteClock "0:00:14"]
[BlackClock "0:00:11"]
[Board "184"]

1. e4 e5 2. Nf3 Nc6 3. Bb5 f5 4. d4 fxe4 5. Nxe5 Nxe5 6. dxe5 c6 7. Bc4 Qa5+ 8. Bd2 Qxe5 9. Bc3 Qg5 10. Bxg8 Rxg8 11. Nd2 d5 12. Qe2 Be7 13. f3 exf3 14. Nxf3 Qh5 15. O-O-O Qh6+ 16. Kb1 Qe6 17. Qxe6 Bxe6 18. Rhe1 Kd7 19. Ne5+ Kc7 20. Nxc6 bxc6 21. Rxe6 Rae8 22. Rde1 Kd7 23. a3 g6 24. g4 Bd6 25. Rxe8 Rxe8 26. Rxe8 Kxe8 27. h3 Kf7 28. Kc1 c5 29. Kd1 d4 30. Be1 Ke6 31. Ke2 Kd5 32. Kf3 Be5 33. b3 Bd6 34. h4 c4 35. bxc4+ Kxc4 36. a4 d3 37. cxd3+ Kxd3 38. Bf2 a6 39. h5 gxh5 40. gxh5 Kc4 41. Be1 Kb3 42. a5 Bb4 43. Bg3 Bxa5 44. Ke4 Bc3 45. Bd6 a5 46. Kf5 a4 47. Ke6 Bb4 48. Be5 a3 49. h6 Bc3 50. Bxc3 Kxc3 51. Kf7 a2 52. Kg7 a1=Q 53. Kxh7 Qa7+ 54. Kh8 Qb8+ 55. Kg7 Qc7+ 56. Kg8 Qd8+ 57. Kg7 Qe7+ 58. Kg8 Qe6+ 59. Kg7 Qg4+ 60. Kh8 Qc8+ 61. Kg7 Qd7+ 62. Kg8 Qe8+ 63. Kg7 Qe5+ 64. Kg8 Qg5+ 65. Kh7 Kd4 66. Kh8 Qxh6+ 67. Kg8 Qf6 68. Kh7 Qg5 69. Kh8 Ke5 70. Kh7 Kf6 0-1


[Site "https://www.chess.com"]

[Event "Titled Tuesday Blitz July 18 Early 2023"]
[White "K2JW"]
[Black "Feliz Dotel, Dewar Bienvenido"]
[BlackFideId "6402801"]
[WhiteElo "2361"]
[BlackElo "2047"]
[Result "1-0"]
[Round "5"]
[TimeControl "180+2"]
[Date "2023.07.18"]
[WhiteClock "0:00:10"]
[BlackClock "0:00:00"]
[Board "185"]

1. a3 d5 2. e3 e6 3. Nf3 c5 4. d4 Nf6 5. dxc5 Bxc5 6. b4 Be7 7. Bb2 O-O 8. Bd3 Nc6 9. O-O a6 10. Qe2 b5 11. Nbd2 h6 12. e4 dxe4 13. Nxe4 Bb7 14. Rfd1 Nd5 15. g3 Rc8 16. c4 bxc4 17. Bxc4 Nb8 18. Rac1 Qd7 19. Ne5 Qa4 20. Bxd5 Bxd5 21. Nc3 Qb3 22. Nxd5 exd5 23. Rd3 Rxc1+ 24. Bxc1 Qa4 25. Rxd5 Bf6 26. Ng4 Qc6 27. Rc5 Qd6 28. Bf4 Qe6 29. Qxe6 fxe6 30. Nxf6+ gxf6 31. Bxh6 Rd8 32. Be3 Kf7 33. Rc7+ Kg6 34. a4 Rd1+ 35. Kg2 Ra1 36. b5 axb5 37. axb5 Rb1 38. b6 Nd7 39. Rxd7 e5 40. b7 f5 41. Ba7 f4 42. b8=Q 1-0


[Site "https://www.chess.com"]

[Event "Titled Tuesday Blitz July 18 Early 2023"]
[White "Nithyalakshmi, Sivanesan"]
[Black "Goughfather"]
[WhiteFideId "5706955"]
[WhiteElo "2356"]
[BlackElo "2015"]
[Result "1-0"]
[Round "5"]
[TimeControl "180+2"]
[Date "2023.07.18"]
[WhiteClock "0:00:15"]
[BlackClock "0:00:00"]
[Board "186"]

1. e4 c6 2. d4 d5 3. exd5 cxd5 4. Bd3 Nc6 5. c3 Nf6 6. Bf4 Bg4 7. Qb3 Qd7 8. Nd2 e6 9. Ngf3 Bxf3 10. Nxf3 Bd6 11. Bxd6 Qxd6 12. O-O O-O 13. Rae1 Qc7 14. Ne5 Nxe5 15. dxe5 Nd7 16. f4 Qb6+ 17. Qxb6 Nxb6 18. f5 Na4 19. Re2 Nc5 20. Bb1 b5 21. f6 g6 22. Re3 Rfd8 23. Rh3 d4 24. cxd4 Rxd4 25. Rc3 Nd7 26. Re1 Rd5 27. Be4 Rxe5 28. Bxa8 Rxe1+ 29. Kf2 Re5 30. Rc8+ Nf8 31. g4 h5 32. h3 hxg4 33. hxg4 g5 34. Kf3 Re1 35. Kf2 Re5 36. Rb8 a5 37. Kf3 b4 38. Be4 Rc5 39. Ra8 Rb5 40. Ke3 Rc5 41. Kd4 Rb5 42. Kc4 Re5 43. Kd4 Rb5 44. Bc6 Rb6 45. Kc5 Rxc6+ 46. Kxc6 1-0


[Site "https://www.chess.com"]

[Event "Titled Tuesday Blitz July 18 Early 2023"]
[White "ivana_999"]
[Black "micke12a"]
[WhiteElo "1973"]
[BlackElo "2343"]
[Result "0-1"]
[Round "5"]
[TimeControl "180+2"]
[Date "2023.07.18"]
[WhiteClock "0:00:00"]
[BlackClock "0:00:11"]
[Board "187"]

1. d4 d5 2. c4 c6 3. Nc3 Nf6 4. Nf3 e6 5. Bg5 Nbd7 6. e3 Bd6 7. Qc2 O-O 8. cxd5 exd5 9. Bd3 h6 10. h4 Re8 11. Bxf6 Nxf6 12. Bf5 Qa5 13. Bxc8 Raxc8 14. O-O Ne4 15. a3 Qc7 16. Rac1 Qe7 17. Rfe1 Qf6 18. Ne2 g5 19. hxg5 hxg5 20. Rf1 g4 21. Nd2 Qh6 22. g3 Ng5 23. Nf4 Re4 24. Kg2 Bxf4 25. Rh1 Nh3 26. Nxe4 Bxe3 27. fxe3 dxe4 28. Qxe4 Qg5 29. Rcf1 Kg7 30. Rf5 Qg6 31. Re5 Rh8 0-1


[Site "https://www.chess.com"]

[Event "Titled Tuesday Blitz July 18 Early 2023"]
[White "Llanos, Guillermo"]
[Black "Skiadopoulos, Nikolaos"]
[WhiteFideId "100358"]
[BlackFideId "4200772"]
[WhiteElo "2342"]
[BlackElo "1904"]
[Result "1-0"]
[Round "5"]
[TimeControl "180+2"]
[Date "2023.07.18"]
[WhiteClock "0:00:23"]
[BlackClock "0:00:00"]
[Board "188"]

1. Nf3 c5 2. g3 Nc6 3. Bg2 g6 4. O-O Bg7 5. c4 e6 6. Nc3 Nge7 7. e3 d5 8. cxd5 Nxd5 9. d4 cxd4 10. Nxd5 exd5 11. Nxd4 Nxd4 12. exd4 O-O 13. Qb3 Bxd4 14. Bh6 Bg7 15. Bxg7 Kxg7 16. Bxd5 Qb6 17. Qxb6 axb6 18. Rfe1 Rd8 19. Bb3 Bf5 20. Re7 Rd7 21. Rxd7 Bxd7 22. Rd1 Bc6 23. f4 Re8 24. Rd2 Re1+ 25. Kf2 Rh1 26. Ke3 Re1+ 27. Kd4 Kf6 28. a3 h5 29. Bc2 Rf1 30. Bd3 Rf3 31. Be4 Rb3 32. Bxc6 bxc6 33. Kc4 Re3 34. Rd6+ Re6 35. Rd2 h4 36. a4 hxg3 37. hxg3 Re3 38. Rd6+ Re6 39. Rxe6+ Kxe6 40. b4 Kd6 41. a5 bxa5 42. bxa5 f6 43. a6 Kc7 44. Kc5 g5 45. f5 g4 46. a7 Kb7 47. a8=Q+ Kxa8 48. Kxc6 1-0


[Site "https://www.chess.com"]